 Dungeon Crawl Stone Soup version 0.28.0 (webtiles) character file.

Game seed: 4054622542971355560

20 Sharkman1231 the Sneak (level 2, -1/24 HPs)
             Began as a Demonspawn Delver on Feb 6, 2022.
             Slain by an adder (2 damage)
             ... in a sewer.
             The game lasted 00:00:59 (360 turns).

Sharkman1231 the Sneak (Demonspawn Delver)           Turns: 360, Time: 00:01:00

Health: -1/24      AC:  3    Str: 12    XL:     2   Next: 58%
Magic:  2/2        EV: 12    Int: 11    God:
Gold:   29         SH:  0    Dex: 14    Spells: 1/1 levels left

rFire   . . .      SeeInvis .   a - +0 falchion
rCold   . . .      Faith    .   (no shield)
rNeg    . . .      Spirit   .   b - +0 leather armour
rPois   .          Reflect  .   (no helmet)
rElec   .          Harm     .   (no cloak)
rCorr   .          Rampage  .   (no gloves)
Will    .....                   (no boots)
Stlth   +++.......              (no amulet)
HPRegen 0.08/turn               (no ring)
MPRegen 0.08/turn               (no ring)

@: lethally poisoned (-1 -> -6), hasted, very quick
A: demonic guardian 1
a: no special abilities


You were in a sewer.
You visited 1 branch of the dungeon, and saw 1 of its levels.
You also visited: Sewer.

You collected 29 gold pieces.

Inventory:

Hand Weapons
 a - a +0 falchion (weapon)
Armour
 b - a +0 leather armour (worn)
 h - a +0 ring mail
Wands
 g - a wand of digging (3)
Scrolls
 c - a scroll of fog
 d - a scroll of magic mapping
 e - a scroll of fear
 j - a scroll of identify {unknown}


   Skills:
 + Level 3.2 Fighting
 * Level 2.2 Long Blades
 + Level 2.0 Dodging
 + Level 4.6 Stealth


You had one spell level left.
You didn't know any spells.
Your spell library was empty.

Dungeon Overview and Level Annotations

Branches:
Dungeon (5/15)              Sewer (1/1)
 Temple: D:4-7

Altars:


Innate Abilities, Weirdness & Mutations

A weak demonic guardian rushes to your aid.


Message History

The adder bites you.
* * * LOW HITPOINT WARNING * * *
You are too injured to fight recklessly!
Why would you want to do that?
You hit the adder but do no damage.
The adder is moderately wounded.
The adder bites you but does no damage. The adder barely misses you.
Unknown command.
You hit the adder.
The adder is almost dead.
Your ufetubus closely misses the adder.
Your ufetubus splashes around in the water.
The adder barely misses you. x2
Unknown command.
You slash the adder!
You kill the adder!
The adder barely misses you. The rat bites your ufetubus.
Unknown command.
You hit the adder but do no damage.
Your ufetubus completely misses the adder.
Your ufetubus hits the adder. The adder closely misses you.
Your ufetubus hits the adder. x2
Unknown command.
Unknown command.
You closely miss the adder.
The adder is heavily wounded.
The adder misses you. The rat closely misses your ufetubus.
Your ufetubus hits the adder but does no damage.
Your ufetubus hits the adder.
Unknown command.
Unknown command.
You miss the adder.
The adder is severely wounded.
The adder bites you.
* * * LOW HITPOINT WARNING * * *
A demonic guardian appears!
You are lethally poisoned!
The adder poisons you! The rat barely misses your ufetubus.
Your ufetubus misses the adder. x2; The adder bites you.
You die...

#######################
###.#≈≈≈≈≈≈≈≈≈≈≈≈≈≈≈....##
##....≈≈≈≈≈≈≈.≈≈≈≈≈≈≈≈....#
#.....≈≈≈rr#≈≈≈≈≈≈≈≈≈..∩..#
#....≈≈≈≈rS5≈5#≈≈≈≈≈≈..∩..#
##....≈≈≈≈≈≈@≈≈≈≈≈≈≈≈≈.....#
#.....#≈≈≈≈≈≈≈≈≈≈≈≈≈≈≈....##
#...†######################
#...## #...## #... #.(. ##..
#..


You could see an adder (ally target), 3 rats, a friendly quasit (summoned) and a
friendly ufetubus (summoned).

Vanquished Creatures
  An adder (Sewer)
  A giant cockroach (D:5)
  5 quokkas (D:5)
  4 rats (Sewer)
11 creatures vanquished.

Notes
Turn   | Place    | Note
-------+----------+-------------------------------------------
     0 | D:5      | Sharkman1231 the Demonspawn Delver began the quest for the
                  | Orb.
     0 | D:5      | Reached XP level 1. HP: 18/18 MP: 1/1
   147 | D:5      | Found a glowing drain.
   185 | D:5      | Gained mutation: A weak demonic guardian rushes to your
                  | aid. [demonic ancestry]
   185 | D:5      | Reached XP level 2. HP: 19/24 MP: 2/2
   190 | Sewer    | Entered a sewer
   360 | Sewer    | HP: 1/24 [adder (2)]
   360 | Sewer    | Slain by an adder

Illustrated notes

Levels and vault maps discovered:
D:5:      layout_loops_ring, gup_sewer_entry_pipe, kennysheep_cluttered_room,
          dk_noncrumbling_3, minmay_misc_feat_more_columns,
          kennysheep_crisscross, kennysheep_nondescript, uniq_grinder
Sewer:    sewer_minmay_w

Skill      XL: |  1  2 |
---------------+-------+-----
Long Blades    | 2 |  2.2
Dodging        | 2 |  2.0
Fighting       | |  3.2
Stealth        | |  4.6

Action                   || total
-------------------------++-------
Melee: Falchion          ||    31
Throw: Dart              ||     2
  Use: Potion            ||     1
 Stab: Sleeping          ||     3
Armor: Leather armour    ||     8
Dodge: Dodged            ||    24
